 Dungeon Crawl Stone Soup version 0.28-a0-604-g249bb1af34 (webtiles) character file.

Game seed: 5698917502255150085

107 KristoblXynda the Slasher (level 4, -2/60 HPs)
             Began as a Draconian Berserker on Oct 5, 2021.
             Was a Believer of Trog.
             Killed by nerve-wracking pain
             ... invoked by an orc priest
              (5 damage)
             ... on level 2 of the Dungeon.
             The game lasted 00:01:50 (1944 turns).

KristoblXynda the Slasher (Draconian Berserker)     Turns: 1944, Time: 00:01:51

Health: -2/60      AC:  5    Str: 20    XL:     4   Next: 56%
Magic:  4/4        EV: 12    Int:  8    God:    Trog [**....]
Gold:   43         SH:  0    Dex: 10    Spells: 3/3 levels left

rFire   . . .      SeeInvis .   j - +0 long sword (vorpal)
rCold   . . .      Faith    .   (no shield)
rNeg    . . .      Spirit   .   (armour unavailable)
rPois   .          Reflect  .   (helmet restricted)
rElec   .          Harm     .   (no cloak)
rCorr   .          Rampage  .   (no gloves)
Will    .....                   (no boots)
Stlth   ..........              (no amulet)
HPRegen 0.20/turn               (no ring)
MPRegen 0.09/turn               (no ring)

@: berserking, very quick
A: AC +5, unfitting armour, cold-blooded
a: Renounce Religion, Berserk, Trog's Hand


You were on level 2 of the Dungeon.
You worshipped Trog.
Trog was pleased with you.
You visited 1 branch of the dungeon, and saw 2 of its levels.

You collected 43 gold pieces.

Inventory:

Hand Weapons
 j - a +0 vorpal long sword (weapon)
Scrolls
 b - a scroll of identify {unknown}
 c - a scroll of immolation {unknown}
 d - a scroll of blinking {unknown}
 f - a scroll of noise {unknown}
Potions
 e - 2 potions of lignification {unknown}
 g - a potion of mutation {unknown}
 h - a potion of might {unknown}
 i - a potion of ambrosia {unknown}


   Skills:
 + Level 4.0 Fighting
 * Level 4.4 Long Blades
 + Level 3.3 Dodging


You had 3 spell levels left.
You didn't know any spells.
Your spell library was empty.

Dungeon Overview and Level Annotations

Branches:
Dungeon (2/15)

Altars:

Shops:
D:2 !


Innate Abilities, Weirdness & Mutations

Your plain brown scales are hard. (AC +5)
You cannot fit into any form of body armour.
You are cold-blooded and may be slowed by cold attacks.


Message History

The puff of flame hits you!
* * * LOW HITPOINT WARNING * * *
You are too injured to fight recklessly!
You are too injured to fight recklessly!
You are too injured to fight recklessly!
There are monsters nearby!
Unknown command.
A red film seems to cover your vision as you go berserk!
You feel yourself moving faster!
You feel mighty! The orc hits you but does no damage.
The orc wizard gestures at you while chanting.
You resist with some effort.
You barely miss the orc wizard.
The orc wizard is almost dead.
The orc priest hits you with a +0 short sword.
* * * LOW HITPOINT WARNING * * *
The orc closely misses you. The orc wizard misses you.
You barely miss the orc wizard.
The orc wizard is almost dead.
You closely miss the orc priest.
The orc priest hits you with a +0 short sword.
* * * LOW HITPOINT WARNING * * *
The orc hits you from afar with a +0 trident.
* * * LOW HITPOINT WARNING * * *
The orc wizard points at you and mumbles some strange words.
The puff of flame misses you.
You closely miss the orc wizard.
The orc wizard is almost dead.
The orc priest hits you but does no damage.
The orc closely misses you.
The orc wizard hits you with a +0 dagger.
* * * LOW HITPOINT WARNING * * *
You closely miss the orc priest. The orc priest completely misses you.
The orc misses you.
The orc wizard hits you but does no damage.
You barely miss the orc wizard.
The orc wizard is almost dead.
The orc priest invokes the aid of Beogh against you.
Pain shoots through your body!
You die...

#.# ....#.##.....# #.# ..(
######'## #.## ... .# ##)..##
####..## ##.###.# ##..†..##
.......# ......###.......##
.#.....#########...####.........#
......................+.........+
.#.....#########...####.........#
.##....# #@o## ##...∩...##
.###.#.# #o## ##.....## .# #.#†#


.oo ##...## .# #.#.# ##.## ##'## .. ....# ..# ##.##### ## #.### .## #####.......
#.# . #........... #.# .. #.###....... #.# #.##........ You could see an orc
priest, an orc wizard and 2 orcs.

Vanquished Creatures
  3 gnolls (D:2)
  2 adders (D:2)
  A dart slug (D:2)
  3 ball pythons (D:1)
  3 endoplasms (D:1)
  A giant cockroach (D:1)
  A goblin (D:1)
  4 hobgoblins (D:1)
  14 jackals
  5 kobolds
  3 quokkas
  2 bats (D:1)
  5 frilled lizards
  5 rats
52 creatures vanquished.

Notes
Turn   | Place    | Note
-------+----------+-------------------------------------------
     0 | D:1      | KristoblXynda the Draconian Berserker began the quest for
                  | the Orb.
     0 | D:1      | Reached XP level 1. HP: 19/19 MP: 1/1
    57 | D:1      | Reached XP level 2. HP: 17/26 MP: 2/2
   544 | D:1      | Found a faded altar of an unknown god.
   547 | D:1      | Noticed a floating eye
   547 | D:1      | Noticed a shining eye
   708 | D:1      | Noticed a great orb of eyes
   708 | D:1      | Noticed an eye of devastation
   766 | D:1      | Reached XP level 3. HP: 33/33 MP: 3/3
   985 | D:1      | Reached ** piety under Trog
  1295 | D:2      | Found Jozaitof's Distillery.
  1596 | D:2      | Reached XP level 4. HP: 26/40 MP: 4/4
  1941 | D:2      | HP: 3/60 [orc (3)]
  1944 | D:2      | Killed from afar by an orc priest

Illustrated notes

Levels and vault maps discovered:
D:1:      wander_arrival_chamber, layout_loops_ring,
          hellmonk_ecumenical_altar_watching_god
D:2:      layout_loops_corners, serial_shops, shop, shop

Skill      XL: |  1  2  3  4 |
---------------+-------------+-----
Dodging        | 3 |  3.3
Long Blades    | 4 |  4.4
Fighting       | 4 |  4.0

Action                   |  1- 3 |  4- 6 || total
-------------------------+-------+-------++-------
Melee: Falchion          |   130 |     7 ||   137
       Tailslap          |     9 |     1 ||    10
       Long sword        |       |    20 ||    20
Invok: Berserk           |     1 |     2 ||     3
Armor: Skin              |    50 |     7 ||    57
Dodge: Dodged            |    93 |    23 ||   116

Table legend: (Time is in decaauts)
 A = Elapsed time spent in this place.
 B = Non-inter-level travel time spent in this place.
 C = Inter-level travel time spent in this place.
 D = Time resting spent in this place.
 E = Time spent auto-exploring this place.
 F = Levels seen in this place.
 G = Mean time per level.
                   A        B        C        D        E       F      G
               +--------+--------+--------+--------+--------+-----+--------+
         Total |   1984 |   1958 |     26 |    429 |   1187 |   2 |  992.0 |
       Dungeon |   1984 |   1958 |     26 |    429 |   1187 |   2 |  992.0 |
               +--------+--------+--------+--------+--------+-----+--------+

Top non-repeatable levels by time:
     D:1: 1307 daAuts
     D:2: 676 daAuts
